 Dungeon Crawl Stone Soup version 0.31-a0-986-g5e6e4ef867 (webtiles) character file.

Game seed: 2480548126235889578

72 Danienth the Gusty (level 4, -1/26 HPs)
             Began as a Tengu Air Elementalist on Nov 7, 2023.
             Slain by a goblin
             ... wielding a +0 dagger
             ... led by Robin
              (6 damage)
             ... on level 2 of the Dungeon.
             The game lasted 00:06:29 (844 turns).

Danienth the Gusty (Tengu Air Elementalist)          Turns: 844, Time: 00:06:30

Health: -1/26      AC:  2    Str:  8    XL:     4   Next: 25%
Magic:  3/8        EV: 12    Int: 15    God:
Gold:   7          SH:  0    Dex: 17    Spells: 6/7 levels left

rFire   . . .        d - +3 short sword
rCold   . . .        (no shield)
rNeg    . . .        a - +0 robe
rPois   .            (helmet restricted)
rElec   .            (no cloak)
rCorr   .            (no gloves)
SInv    .            (boots unavailable)
Will    .....        (no amulet)
Stlth   ++           (no ring)
HPRegen 0.24/turn    (no ring)
MPRegen 0.11/turn

%: acrobat
@: no status effects
A: beak, talons 3, acrobatic
a: no special abilities


You were on level 2 of the Dungeon.
You visited 1 branch of the dungeon, and saw 3 of its levels.

You collected 7 gold pieces.

Inventory:

Hand Weapons
 d - a +3 short sword (weapon)
 e - a +2 dagger of pain
Armour
 a - a +0 robe (worn)
Scrolls
 c - a scroll of identify {unknown}
 h - a scroll of enchant armour {unknown}
Potions
 b - a potion of magic
 f - 2 potions of might {unknown}
 g - a potion of lignification {unknown}


   Skills:
 + Level 1.9 Fighting
 * Level 3.2 Short Blades
 - Level 2.2 Dodging
 - Level 2.0 Stealth
 - Level 2.0 Spellcasting
 - Level 1.4 Conjurations
 - Level 4.0 Air Magic


You had 6 spell levels left.
You knew the following spells:

 Your Spells              Type           Power      Damage    Failure   Level
a - Shock                 Conj/Air       36%        1d5       8%          1

Your spell library contained the following spells:

 Spells                   Type           Power      Damage    Failure   Level
 Static Discharge         Conj/Air       18%        3-4/arc   11%         2
 Swiftness                Air            13%        N/A       13%         3
 Airstrike                Air            6%         2d(1-17)  38%         4


Dungeon Overview and Level Annotations

Branches:
Dungeon (3/15)

Altars:
Sif Muna


Innate Abilities, Weirdness & Mutations

You have a beak for a mouth.
You have claws for feet.
You can magically evade attacks while moving or waiting.


Message History

You kill the goblin!
The zap hits the goblin.
The goblin is almost dead.
The zap hits the goblin.
You kill the goblin!
The goblin hits you with a +0 dagger.
Casting: Shock (safe; 8% risk of failure)
Confirm with . or Enter, or press ? or * to list all spells.
Aiming: Shock (safe; 8% risk of failure)
Press: ? - help, Shift-Dir - straight line The zap misses the goblin.
The zap hits the goblin.
The goblin is moderately wounded.
The zap hits the goblin.
You kill the goblin!
The goblin barely misses you.
Casting: Shock (safe; 8% risk of failure)
Confirm with . or Enter, or press ? or * to list all spells.
Aiming: Shock (safe; 8% risk of failure)
Press: ? - help, Shift-Dir - straight line, f - hobgoblin
Aim: a hobgoblin (strong, 68% to hit)
The zap hits the goblin.
The goblin is heavily wounded.
The zap misses the goblin.
The zap hits the hobgoblin.
The hobgoblin is severely wounded.
The zap hits the hobgoblin.
You kill the hobgoblin!
The goblin hits you with a +0 dagger.
* * * LOW HITPOINT WARNING * * *
Casting: Shock (safe; 8% risk of failure)
Confirm with . or Enter, or press ? or * to list all spells.
Aiming: Shock (safe; 8% risk of failure)
Press: ? - help, Shift-Dir - straight line The zap hits the goblin.
The goblin is severely wounded.
The zap hits the goblin.
You kill the goblin!
The zap misses the goblin. x2; The zap hits the goblin.
The goblin is moderately wounded.
The goblin hits you with a +0 dagger.
You die...

..###.#####..#.#.# #..
........gr.....#)##.....
....##.####..#....g..# .
.##. #..r....#.#.##..#
.# # ....#.#†.....#
..##g
##....#.##.....g.Bg
.......##..###..##.
#########..###g.#
#...@gBg.# #.#.###.##
...# ..# ##.## .... #.
..##. #. ##. .< # .. .
..


You could see a giant cockroach and 3 goblins.

Vanquished Creatures
  Robin (D:2)
  A gnoll (D:2)
  An adder (D:2)
  3 dart slugs
  A bat (D:2)
  6 endoplasms
  3 giant cockroaches
  6 goblins
  4 hobgoblins
  A kobold (D:1)
  2 quokkas (D:1)
  A ball python (D:1)
  4 frilled lizards (D:1)
  A rat (D:2)
35 creatures vanquished.

Notes
Turn   | Place    | Note
-------+----------+-------------------------------------------
     0 | D:1      | Danienth the Tengu Air Elementalist began the quest for the
                  | Orb.
     0 | D:1      | Reached XP level 1. HP: 10/10 MP: 4/4
    95 | D:1      | Reached skill level 1 in Short Blades
   123 | D:1      | Reached XP level 2. HP: 12/16 MP: 6/6
   130 | D:1      | Reached skill level 1 in Fighting
   468 | D:1      | Reached XP level 3. HP: 20/20 MP: 5/7
   615 | D:2      | Identified the of Sox Gurimo
   679 | D:2      | Found a shimmering blue altar of Sif Muna.
   832 | D:2      | Noticed Robin
   837 | D:2      | Killed Robin
   838 | D:2      | Reached XP level 4. HP: 13/26 MP: 8/8
   844 | D:2      | Slain by a goblin

Illustrated notes

Levels and vault maps discovered:
D:1:      evilmike_arrival_crescent, layout_basic
D:2:      layout_loops_cross, basic_altar, uniq_jessica, uniq_robin,
          uniq_crazy_yiuf_cottage
D:3:      layout_basic, vehumet_altar_wand_db, serial_shops, shop

Skill      XL: |  1  2  3 |
---------------+----------+-----
Short Blades   | 1 2 3 |  3.2
Fighting       | 1 |  1.9
Dodging        | |  2.2
Stealth        | |  2.0
Spellcasting   | |  2.0
Conjurations   | |  1.4
Air Magic      | |  4.0

Action                     |  1- 3 |  4- 6 || total
---------------------------+-------+-------++-------
  Melee: Short sword       |    20 |       ||    20
         Peck              |     3 |       ||     3
         Kick              |     6 |       ||     6
   Cast: Shock             |    43 |     5 ||    48
 Armour: Robe              |    22 |     3 ||    25
  Dodge: Dodged            |    26 |     3 ||    29

Table legend: (Time is in decaauts)
 A = Elapsed time spent in this place.
 B = Non-inter-level travel time spent in this place.
 C = Inter-level travel time spent in this place.
 D = Time resting spent in this place.
 E = Time spent auto-exploring this place.
 F = Levels seen in this place.
 G = Mean time per level.
                   A        B        C        D        E       F      G
               +--------+--------+--------+--------+--------+-----+--------+
         Total |    843 |    837 |      6 |    117 |    564 |   3 |  281.0 |
       Dungeon |    843 |    837 |      6 |    117 |    564 |   3 |  281.0 |
               +--------+--------+--------+--------+--------+-----+--------+

Top non-repeatable levels by time:
     D:1: 615 daAuts
     D:3: 120 daAuts
     D:2: 107 daAuts
